 Dungeon Crawl Stone Soup version 0.30-a0-1114-gd936c97349 (webtiles) character file.

Game seed: 13565696702151114600

59331 tommooo the Unseen (level 15, -11/97 HPs)
             Began as a Kobold Brigand on Apr 20, 2023.
             Was an Initiate of Yredelemnul.
             Mangled by a very large slime creature (41 damage)
             ... on level 12 of the Dungeon.
             The game lasted 02:32:21 (26274 turns).

tommooo the Unseen (Kobold Brigand)                Turns: 26274, Time: 02:32:21

Health: -11/97     AC: 17    Str: 14    XL:     15   Next: 33%
Magic:  20/20      EV: 23    Int: 29    God:    Yredelemnul [......]
Gold:   2009       SH:  5    Dex: 18    Spells: 14/14 levels left

rFire   . . .      SeeInvis .    f - +6 quick blade of the Endless March {heavy, *Slow rC++ Str+2 Int+3}
rCold   + + +      Faith    .    c - +0 buckler
rNeg    . . .      Spirit   .    Z - +0 scale mail
rPois   .          Reflect  .    P - +4 helmet of Slovenliness {Int+5}
rElec   +          Rampage  .    g - scarf "Vebrou Humu" {repulsion, rC+}
rCorr   .                        r - +0 pair of gloves
Will    +....                    h - +2 pair of boots of Ennui {rElec}
Stlth   +++++++                  O - amulet of magic regeneration
HPRegen 0.36/turn                G - +6 ring of intelligence
MPRegen 0.57/turn                s - +5 ring of evasion

@: repel missiles
A: small, no large weapons, nightstalker 3
a: Renounce Religion, Recall Undead Harvest


You were on level 12 of the Dungeon.
You worshipped Yredelemnul.
Yredelemnul was noncommittal.
You visited 3 branches of the dungeon, and saw 18 of its levels.

You collected 2848 gold pieces.
You spent 839 gold pieces at shops.

Inventory:

Hand Weapons
 f - the +6 quick blade of the Endless March (weapon) {heavy, *Slow rC++ Str+2 Int+3}
   (You acquired it on level 3 of the Lair of Beasts)

   Str:       It affects your strength (+2).
   Int:       It affects your intelligence (+3).
   rC:        It greatly protects you from cold.
   *Slow:     It may slow you when you take damage.
 K - the +4 dagger "Starlight" {venom, rElec rC- rCorr Str+8}
   (You bought it in a shop on level 9 of the Dungeon)

   Str:       It affects your strength (+8).
   rC:        It makes you vulnerable to cold.
   rElec:     It insulates you from electricity.
   rCorr:     It protects you from acid and corrosion.
Missiles
 d - 31 poisoned darts (quivered)
 e - a curare-tipped dart
 I - 2 boomerangs of dispersal
 J - a throwing net
Armour
 c - a +0 buckler (worn)
 g - the scarf "Vebrou Humu" (worn) {repulsion, rC+}
   (You acquired it on level 3 of the Lair of Beasts)

   rC:        It protects you from cold.
 h - the +2 pair of boots of Ennui (worn) {rElec}
   (You found it on level 8 of the Dungeon)

   rElec:     It insulates you from electricity.
 r - a +0 pair of gloves (worn)
 P - the +4 helmet of Slovenliness (worn) {Int+5}
   (You found it on level 10 of the Dungeon)

   Int:       It affects your intelligence (+5).
 Z - a +0 scale mail (worn)
Jewellery
 n - a ring of positive energy
 s - a +5 ring of evasion (right hand)
 F - a ring of flight
 G - a +6 ring of intelligence (left hand)
 O - an amulet of magic regeneration (around neck)
Wands
 a - a wand of paralysis (20)
 y - a wand of iceblast (11)
 T - a wand of polymorph (2)
 V - a wand of mindburst (3)
 W - a wand of flame (2)
Scrolls
 b - 2 scrolls of fog
 l - 4 scrolls of identify
 m - a scroll of poison {unknown}
 o - 5 scrolls of immolation
 q - a scroll of magic mapping {unknown}
 t - a scroll of torment {unknown}
 v - 2 scrolls of fear
 w - a scroll of silence {unknown}
 M - a scroll of acquirement
 N - 3 scrolls of amnesia
 R - a scroll of enchant weapon {unknown}
Potions
 j - a potion of resistance {unknown}
 k - 6 potions of curing
 z - 4 potions of flight
 A - a potion of might {unknown}
 B - a potion of attraction {unknown}
 C - a potion of ambrosia
 D - a potion of magic {unknown}
 E - 3 potions of lignification
 S - a potion of experience {unknown}
 X - 3 potions of cancellation
Miscellaneous
 p - a lightning rod (4/4)
 Q - a phial of floods


   Skills:
 + Level 12.4 Fighting
 - Level 10.0 Short Blades
 - Level 6.0 Maces & Flails
 - Level 7.3 Throwing
 - Level 7.0 Armour
 * Level 13.2 Dodging
 - Level 18.6 Stealth
 - Level 4.0 Shields
 + Level 6.8 Invocations


You had 14 spell levels left.
You didn't know any spells.
Your spell library contained the following spells:

 Spells                   Type           Power      Damage    Failure   Level
 Apportation              Tloc           0%         N/A       50%         1
 Beastly Appendage        Tmut           0%         N/A       50%         1
 Sandblast                Erth           0%         2d4       50%         1
 Cigotuvi's Dreadful Rot  Necr/Pois/Air  0%         N/A       63%         2
 Ensorcelled Hibernation  Hex/Ice        0%         N/A       63%         2
 Passwall                 Tmut/Erth      0%         N/A       63%         2
 Poisonous Vapours        Pois/Air       0%         N/A       63%         2
 Wereblood                Tmut           0%         N/A       63%         2
 Call Canine Familiar     Summ           0%         N/A       86%         3
 Ignite Poison            Fire/Tmut/Pois 0%         N/A       86%         3
 Inner Flame              Hex/Fire       0%         N/A       86%         3
 Mephitic Cloud           Conj/Pois/Air  0%         N/A       86%         3
 Portal Projectile        Hex/Tloc       0%         N/A       86%         3
 Spider Form              Tmut/Pois      0%         N/A       86%         3
 Stone Arrow              Conj/Erth      0%         3d7       86%         3
 Animate Armour           Summ/Erth      0%         N/A       99%         4
 Cause Fear               Hex            0%         N/A       99%         4
 Dispel Undead            Necr           0%         3d6       99%         4
 Leda's Liquefaction      Hex/Erth       0%         N/A       99%         4
 Manifold Assault         Tloc           0%         N/A       99%         4
 Passage of Golubria      Tloc           0%         N/A       99%         4
 Sticky Flame             Conj/Fire      0%         2d3       99%         4
 Alistair's Intoxication  Tmut/Pois      0%         N/A       100%        5
 Blade Hands              Tmut           0%         N/A       100%        5
 Freezing Cloud           Conj/Ice/Air   0%         6-21      100%        5
 Silence                  Hex/Air        0%         N/A       100%        5
 Summon Forest            Summ/Tloc      0%         N/A       100%        5
 Yara's Violent Unravell  Hex/Tmut       0%         3d3       100%        5
 Dispersal                Tloc           0%         N/A       100%        6
 Iron Shot                Conj/Erth      0%         9d1       100%        6
 Dragon Form              Tmut           0%         N/A       100%        7
 Enfeeble                 Hex            0%         N/A       100%        7
 Haunt                    Necr/Summ      0%         N/A       100%        7
 Borgnjor's Revivificati  Necr           0%         N/A       100%        8
 Disjunction              Tloc           0%         N/A       100%        8
 Ignition                 Fire           0%         3d3       100%        8
 Lehudib's Crystal Spear  Conj/Erth      0%         10d2      100%        8
 Necromutation            Tmut/Necr      0%         N/A       100%        8
 Death's Door             Necr           0%         N/A       100%        9
 Dragon's Call            Summ           0%         N/A       100%        9
 Death Channel            Necr           Unusable   N/A       N/A         6

Dungeon Overview and Level Annotations

Branches:
Dungeon (12/15)            Temple (1/1) D:6            Lair (5/5) D:8
 Shoals (0/4) Lair:3       Spider (0/4) Lair:3        Slime (0/5) Lair:4
    Orc (0/2) D:11

Altars:
Ashenzari
Cheibriados
Dithmenos
Elyvilon
Fedhas
Gozag
Hepliaklqana
Kikubaaqudgha
Makhleb
Nemelex Xobeh
Okawaru
Qazlal
Sif Muna
Trog
Uskayaw
Vehumet
Wu Jian
Xom
Yredelemnul
Zin
The Shining One
Lugonu

Shops:
D:1 !   D:4 :   D:9 !:(?[   D:12 (

Portals:
Abyss: Lair:5

Annotations:
D:2 Sigmund
D:3 3 runed translucent doors, Sobieck's ghost, amateur AtMo
D:7 1 runed translucent door, RealBenFromCanada's ghost, novice DsGl
D:8 exclusion: oklob sapling


Innate Abilities, Weirdness & Mutations

You are small and have problems with some larger weapons.
You are completely attuned to the shadows.


Message History

There is an open door here.
There is a stone staircase leading down here.
You climb downwards.
There is a stone staircase leading up here.
The slime creature quivers.
You puncture the slime creature!
The slime creature is lightly wounded.
The slime creature hits you! The slime creature misses you.
You completely miss the slime creature.
The slime creature is lightly wounded.
You hit the slime creature.
The slime creature is lightly wounded.
The slime creature hits you. The slime creature hits you!
You puncture the slime creature!
The slime creature is moderately wounded.
Two slime creatures merge to form a large slime creature.
Two slime creatures merge to form a very large slime creature.
You hit the slime creature but do no damage.
The slime creature is moderately wounded.
You block the very large slime creature's attack.
The slime creature completely misses you.
You puncture the slime creature!
The slime creature is heavily wounded.
You puncture the slime creature!
The slime creature is severely wounded.
The very large slime creature hits you but does no damage.
You block the slime creature's attack.
You hit the slime creature.
The slime creature is almost dead.
You puncture the slime creature!
You kill the slime creature!
You hit the very large slime creature.
The very large slime creature is lightly wounded.
The very large slime creature hits you!!!
You puncture the very large slime creature!
The very large slime creature is lightly wounded.
The slime creature jiggles.
The very large slime creature hits you!!!
You die...
Your body rises from the dead as a mindless zombie.

############
#..........######
#ZZZZ...........#
Z.###.###...#.#J####
.##..)# ##..#..J@..#
##..#.## ##..#.#.#.#
#..##..# ##.#...# #
...#.Z.## #J#...#.#
Z.##....# #J..)>#.#
..#..#..#....#.....##
..#....##..#.#.......
..##...#...#.#.[.[##.
#..#Z.##.. #.#.#.#..


You could see a very large slime creature and a slime creature.

Vanquished Creatures
  5 hydras
  Fannar (D:12)
  2 boulder beetles (D:12)
  A catoblepas (D:12)
  3 two-headed ogres
  16 death yaks
  A tengu warrior (D:12)
  3 thrashing horrors (Lair:5)
  Nergalle (Lair:2)
  3 skysharks
  A harpy (Lair:3)
  A cyclops (D:11)
  2 ugly things
  A manticore (D:12)
  3 elephants (Lair:5)
  3 black mambas
  2 rime drakes
  2 kobold demonologists
  10 cane toads
  6 komodo dragons
  An ancient zyme (Lair:5)
  A freezing wraith (D:12)
  2 trolls
  A burning bush (Lair:3)
  A meliai (D:12)
  5 polar bears
  3 hornets
  15 blink frogs
  3 dream sheep (Lair:4)
  A black mamba zombie (Lair:5)
  6 slime creatures
  2 shadows (D:10)
  2 wyverns (Lair:5)
  A spriggan (Lair:5)
  19 yaks
  8 basilisks
  A redback (Lair:3)
  5 chaos spawn (Lair:5)
  3 vampire mosquitoes
  2 acid dragons
  10 water moccasins
  2 large abominations (Lair:5)
  3 orc warriors
  3 black bears (D:8)
  2 ice beasts (D:6)
  8 wolves
  A centaur (D:5)
  An ogre (D:6)
  7 small abominations (Lair:5)
  A phantom (D:4)
  2 kobold brigands (D:6)
  Blork the orc (D:4)
  20 bullfrogs
  2 gnoll sergeants
  3 scorpions
  A wight (D:9)
  6 killer bees
  2 howler monkeys
  2 jellies
  5 orc priests
  4 hounds
  Crazy Yiuf (D:3)
  Jessica (D:2)
  3 iguanas
  A sleepcap (D:7)
  Natasha (twice) (D:2)
  8 orc wizards
  2 hell rats (Lair:5)
  12 adders
  20 gnolls
  6 river rats (Lair:5)
  2 shadow imps (D:6)
  2 white imps
  4 worms
  3 dart slugs
  26 orcs
  11 ball pythons
  5 endoplasms
  6 giant cockroaches
  9 goblins
  10 hobgoblins
  2 jackals (D:8)
  13 kobolds
  10 quokkas
  6 bats
  3 frilled lizards
  14 rats
  A spectral weapon (D:12)
418 creatures vanquished.

Vanquished Creatures (collateral kills)
  Gastronok (D:12)
  2 hydras (Lair:2)
  2 death yaks
  A skyshark (Lair:5)
  A harpy (Lair:3)
  A torpor snail (Lair:3)
  A black mamba (Lair:2)
  A smoke demon (Lair:5)
  An elephant slug zombie (D:12)
  A cane toad (Lair:1)
  An unseen horror (D:12)
  A rime drake (Lair:5)
  A troll (D:10)
  2 blink frogs (Lair:5)
  2 dream sheep (Lair:4)
  3 slime creatures (D:12)
  2 yaks (Lair:5)
  A steam dragon (D:9)
  An acid dragon (D:12)
  4 wolves (Lair:2)
  2 gnoll sergeants
  A bullfrog (Lair:3)
  3 small abominations (Lair:5)
  2 wights (D:9)
  3 killer bees
  An orc wizard (D:8)
  A gnoll (D:10)
  A river rat (Lair:5)
  A shadow imp (D:6)
  3 orcs
  A jackal (D:8)
  3 ball pythons (D:8)
  3 kobolds (D:6)
55 creatures vanquished.

Vanquished Creatures (others)
  An unseen horror zombie (D:12)
  2 death yak zombies (Lair:5)
  2 hydra zombies
  2 slime creature zombies (D:12)
  A skyshark zombie (Lair:5)
  2 cane toad zombies
  5 blink frog zombies
  A vampire mosquito zombie (D:10)
  A rime drake zombie (Lair:5)
  3 spectral chaos spawn (Lair:5)
  A wyvern zombie (Lair:5)
  3 water moccasin zombies
  2 polar bear zombies
  2 troll zombies
  3 yak zombies (Lair:5)
  2 wolf zombies (Lair:2)
  7 bullfrog zombies
  A black bear zombie (D:8)
  A scorpion zombie (D:6)
  2 killer bee zombies
  2 acid dragon zombies (D:12)
  2 ice beast zombies (D:6)
  An adder zombie (D:6)
  A spectral white imp (D:6)
  An orc (D:7)
  6 gnoll zombies
  2 ball python zombies (D:8)
  9 kobold zombies
  7 orc zombies
  A rat zombie (D:8)
  2 river rat zombies (Lair:5)
  62 fungi
  81 plants
221 creatures vanquished.

Grand Total: 694 creatures vanquished

Notes
Turn   | Place    | Note
-------+----------+-------------------------------------------
     0 | D:1      | tommooo the Kobold Brigand began the quest for the Orb.
     0 | D:1      | Reached XP level 1. HP: 12/12 MP: 1/1
    99 | D:1      | Reached XP level 2. HP: 18/18 MP: 2/2
   261 | D:1      | Found a transporter.
   266 | D:1      | Found Impoeg's Distillery.
   270 | D:1      | Found a transporter.
   318 | D:1      | Reached XP level 3. HP: 22/22 MP: 3/3
   692 | D:2      | Identified the +5 whip of Defence {drain, rN+ Will- Int+4}
   792 | D:2      | Reached XP level 4. HP: 27/27 MP: 4/4
   923 | D:2      | Noticed Sigmund
  1038 | D:2      | Found a faded altar of an unknown god.
  1238 | D:2      | Noticed Jessica
  1243 | D:2      | Killed Jessica
  1244 | D:2      | Reached skill level 1 in Maces & Flails
  1253 | D:2      | Got Jessica's Quarto of the Curse
  1278 | D:2      | Reached XP level 5. HP: 32/32 MP: 5/5
  1359 | D:2      | Noticed Natasha
  1426 | D:2      | Killed Natasha
  1439 | D:2      | Noticed Natasha
  1444 | D:2      | Killed Natasha
  1787 | D:3      | Found a runed translucent gate.
  1788 | D:3      | Found a runed translucent gate.
  1789 | D:3      | Found a runed translucent gate.
  1789 | D:3      | Noticed Sobieck's ghost (amateur AtMo)
  1792 | D:3      | Identified the +6 mace "Plog" {protect, Int+3}
  1895 | D:3      | Found a snail-covered altar of Cheibriados.
  1990 | D:3      | Reached XP level 6. HP: 37/37 MP: 6/6
  2418 | D:3      | Found a runed translucent door.
  2421 | D:3      | Noticed Crazy Yiuf
  2429 | D:3      | HP: 1/35 [Crazy Yiuf/+4 quarterstaff of chaos (2)]
  2437 | D:3      | Killed Crazy Yiuf
  2759 | D:4      | Reached XP level 7. HP: 27/43 MP: 7/7
  2954 | D:4      | Reached skill level 5 in Dodging
  2957 | D:4      | Found Itydurr's Vocational Training.
  3120 | D:4      | Noticed Blork the orc
  3133 | D:4      | Killed Blork the orc
  3156 | D:4      | Found a broken altar of Ashenzari.
  3532 | D:5      | Entered Level 5 of the Dungeon
  3676 | D:5      | Reached XP level 8. HP: 45/48 MP: 8/8
  3733 | D:5      | Got Uwname's Octavo of Summoning and the Sky
  4175 | D:5      | Found a sparkling altar of Nemelex Xobeh.
  4194 | D:5      | Found a blossoming altar of Fedhas.
  4197 | D:5      | Found a shimmering altar of Xom.
  4325 | D:6      | Found a staircase to the Ecumenical Temple.
  4331 | Temple   | Entered the Ecumenical Temple
  4541 | Temple   | Became a worshipper of Yredelemnul the Dark
  4690 | D:6      | Reached skill level 5 in Fighting
  4824 | D:6      | Reached * piety under Yredelemnul
  5032 | D:6      | Reached skill level 5 in Maces & Flails
  5094 | D:6      | Reached ** piety under Yredelemnul
  5151 | D:6      | Noticed a manticore
  5175 | D:6      | Reached XP level 9. HP: 42/54 MP: 9/9
  6241 | D:7      | Found a runed translucent door.
  6241 | D:7      | Noticed RealBenFromCanada's ghost (novice DsGl)
  6426 | D:7      | Reached skill level 6 in Stealth
  6558 | D:7      | Found a hide-covered altar of Uskayaw.
  7889 | D:8      | Found a staircase to the Lair.
  7906 | D:8      | Reached skill level 10 in Dodging
  7906 | D:8      | Reached skill level 7 in Stealth
  8198 | D:8      | Reached XP level 10. HP: 55/60 MP: 10/10
  8295 | D:8      | Identified the +2 pair of boots of Ennui {rElec}
  8623 | D:8      | Noticed a moth of wrath
  8627 | D:8      | Found a bloodstained altar of Trog.
  8703 | D:8      | Reached skill level 1 in Armour
  8703 | D:8      | Reached skill level 8 in Stealth
  8744 | D:8      | Reached skill level 1 in Shields
  9088 | Lair:1   | Entered Level 1 of the Lair of Beasts
  9110 | Lair:1   | Reached skill level 9 in Stealth
  9144 | Lair:1   | Noticed a cane toad
  9199 | D:9      | Found Ostroxom's Distillery.
  9204 | D:9      | Bought a potion of heal wounds for 60 gold pieces
  9446 | D:9      | Found Der Aho's Book Shop.
  9497 | D:9      | Noticed a two-headed ogre
  9510 | D:9      | Killed a two-headed ogre
  9511 | D:9      | Reached skill level 10 in Stealth
  9587 | D:9      | Found a shadowy altar of Dithmenos.
  9602 | D:9      | Found Sazxagah's Antique Weapon Emporium.
  9607 | D:9      | Bought a crystal dagger for 154 gold pieces
  9607 | D:9      | Identified the +4 dagger "Starlight" {venom, rElec rC-
                  | rCorr Str+8} (You bought it in a shop on level 9 of the
                  | Dungeon)
  9934 | D:9      | Found Uquuwn's Magic Scroll Shoppe.
  9939 | D:9      | Bought a scroll of blinking for 75 gold pieces
 10118 | D:9      | Found Hifapu's Antique Armour Shoppe.
 10236 | D:9      | Reached skill level 1 in Invocations
 10378 | D:10     | Entered Level 10 of the Dungeon
 10387 | D:10     | Noticed a kobold demonologist
 10525 | D:10     | Found a burning altar of Makhleb.
 10525 | D:10     | Noticed a smoke demon
 10588 | D:10     | Killed a kobold demonologist
 10624 | D:10     | Reached XP level 11. HP: 64/64 MP: 12/12
 10669 | D:10     | Reached skill level 5 in Short Blades
 11271 | D:10     | Identified the +4 helmet of Slovenliness {Int+5}
 11526 | D:11     | Found a staircase to the Orcish Mines.
 11675 | D:11     | Noticed a cyclops
 11677 | D:11     | Killed a cyclops
 11755 | D:11     | Noticed a two-headed ogre
 11785 | D:11     | Killed a two-headed ogre
 12178 | D:8      | Upgraded the game from 0.30-a0-1112-gfb780f5df6 to
                  | 0.30-a0-1114-gd936c97349
 12442 | Lair:1   | Reached skill level 5 in Invocations
 12570 | Lair:1   | Reached *** piety under Yredelemnul
 12628 | Lair:1   | Reached skill level 5 in Armour
 13048 | Lair:1   | Reached **** piety under Yredelemnul
 13284 | Lair:2   | Noticed a six-headed hydra
 13397 | Lair:2   | Reached XP level 12. HP: 70/70 MP: 16/16
 13431 | Lair:2   | Noticed Nergalle
 13448 | Lair:2   | Killed Nergalle
 13449 | Lair:2   | Reached skill level 10 in Short Blades
 13557 | Lair:2   | Noticed a skyshark
 13561 | Lair:2   | Killed a skyshark
 13702 | Lair:2   | Killed a six-headed hydra
 13747 | Lair:2   | Reached skill level 11 in Stealth
 13917 | Lair:2   | Noticed a seven-headed hydra
 13933 | Lair:2   | Killed a seven-headed hydra
 14169 | Lair:2   | Noticed a seven-headed hydra
 14193 | Lair:2   | Killed a seven-headed hydra
 14944 | Lair:3   | Reached skill level 12 in Stealth
 14974 | Lair:3   | Found a hole to the Spider Nest.
 15173 | Lair:3   | Noticed a death yak
 15209 | Lair:3   | Killed a death yak
 15210 | Lair:3   | Reached XP level 13. HP: 65/79 MP: 17/17
 15387 | Lair:3   | Found a staircase to the Shoals.
 15932 | Lair:3   | Identified 4 scrolls of acquirement
 15958 | Lair:3   | Acquired the +6 quick blade of the Endless March {heavy,
                  | *Slow rC++ Str+2 Int+3}
 15970 | Lair:3   | Acquired 1197 gold pieces
 15972 | Lair:3   | Acquired 692 gold pieces
 16149 | D:9      | Bought a scroll of acquirement for 520 gold pieces
 16149 | D:9      | Bought a scroll of teleportation for 30 gold pieces
 16281 | Lair:3   | Acquired the scarf "Vebrou Humu" {repulsion, rC+}
 16632 | Lair:4   | Reached skill level 5 in Throwing
 16632 | Lair:4   | Reached skill level 13 in Stealth
 16814 | Lair:4   | Found a staircase to the Slime Pits.
 17558 | Lair:5   | Entered Level 5 of the Lair of Beasts
 17872 | Lair:5   | Reached skill level 14 in Stealth
 19046 | Lair:4   | Reached skill level 10 in Fighting
 19622 | Lair:4   | Reached skill level 15 in Stealth
 20172 | Lair:5   | Reached XP level 14. HP: 88/88 MP: 18/18
 20270 | Lair:5   | Reached skill level 16 in Stealth
 21451 | Lair:5   | Reached skill level 17 in Stealth
 21922 | Lair:5   | Found a corrupted altar of Lugonu.
 21929 | Lair:5   | Found a one-way gate to the infinite horrors of the Abyss.
 22046 | Lair:5   | Identified the +8 hand axe "Elehiu" {protect, MP+9}
 22935 | Lair:5   | Reached skill level 18 in Stealth
 24573 | D:12     | Found Newew's Antique Weapon Shop.
 24582 | D:12     | Identified the +2 shortbow of Pyromania {flame, rF+ Dex+2}
 24633 | D:12     | Noticed Fannar
 24668 | D:12     | Killed Fannar
 24689 | D:12     | Reached XP level 15. HP: 96/96 MP: 19/19
 24689 | D:12     | Noticed Gastronok
 24840 | D:12     | Killed Gastronok
 25299 | D:12     | Identified the +4 mace of Responsibility {spect, +Blink
                  | rCorr Dex+4}
 26274 | D:12     | Mangled by a very large slime creature

Illustrated notes

Levels and vault maps discovered:
D:1:      tarquinn_simple_flora_water_a, layout_rooms, serial_shops,
          nicolae_shop_drivethru, dreamdust_mushroom_princess
D:2:      minmay_chambers_of_ones, layout_loops_ring,
          hellmonk_ecumenical_altar_leap_of_faith, kennysheep_jessica_study,
          uniq_sigmund, uniq_natasha
D:3:      corexii_shack_village, layout_basic, overflow_temple_1_default,
          biasface_ghost_orc_armoury, uniq_crazy_yiuf_cottage
D:4:      layout_basic, ashenzari_altar_1, dk_noncrumbling_2,
          nicolae_shop_vocational, uniq_blork_the_orc
D:5:      layout_rooms, mainiacjoe_overflow_divided_tiny, kennysheep_mini,
          minivault_19
D:6:      hangedman_cross_stitches, layout_basic, minmay_temple_entry_waves
D:7:      layout_layer_cave, lemuel_tele_altar, mainiacjoe_overflow_catwalk,
          hellmonk_ghost_happy_afterlife
D:8:      layout_loops_ring, tgw_trog, grunt_lair_entry_orc_guard_hut,
          introduction_to_nature_2
D:9:      layout_irregular_city, mainiacjoe_overflow_boulevard, serial_shops,
          shop_fountains, shop, shop, nicolae_shop_just_a_little_nook, shop
D:10:     layout_rooms, demons_altar, enter_bailey_8, st_stairs_10
D:11:     layout_roguey, orc_0_dummy, minmay_liquid_box
D:12:     minmay_the_grid_octo_2x2 [minmay_the_grid_octo_fat_diamond,
          minmay_the_grid_octo_chip, minmay_the_grid_octo_odd_swirl,
          minmay_the_grid_octo_prize_square_snowflake], layout_basic,
          serial_shops, shop, uniq_fannar, uniq_gastronok
Temple:   minmay_temple_bridge_abc
Lair:1:   layout_long_grid
Lair:2:   layout_chaotic_city, hangedman_lair_generics_rect, grunt_megastairs_3,
          uniq_nergalle
Lair:3:   layout_loops_ring, nicolae_shoals_entry_roost,
          spider_nest_entry_rubble, evilmike_ambush
          [evilmike_ambush_outer_basic, evilmike_ambush_inner_pond]
Lair:4:   layout_roguey, slime_entry_1
Lair:5:   hellmonk_lair_end_abyssal_woods, layout_regular_city,
          kennysheep_rathole

Skill      XL: |  1  2  3  4  5  6  7  8  9 10 11 12 13 14 15 |
---------------+----------------------------------------------+-----
Short Blades   | 3 4 9 10 | 10.0
Dodging        | 2 3 4 6 7 10 12 13 | 13.2
Fighting       | 3 4 5 6 8 10 12 | 12.4
Maces & Flails | 1 2 3 4 5 6 |  6.0
Stealth        | 7 10 12 15 18 | 18.6
Throwing       | 4 7 |  7.3
Armour         | 3 5 7 |  7.0
Shields        | 3 4 |  4.0
Invocations    | 2 5 6 |  6.8

Action                     |  1- 3 |  4- 6 |  7- 9 | 10-12 | 13-15 || total
---------------------------+-------+-------+-------+-------+-------++-------
  Melee: Dagger            |    72 |       |       |   374 |    26 ||   472
         Whip              |     5 |   103 |   378 |   130 |       ||   616
         Punch             |       |       |     7 |       |       ||     7
         Quick blade       |       |       |       |       |  1284 ||  1284
  Throw: Dart              |     3 |     9 |    27 |    24 |    77 ||   140
         Throwing net      |       |       |       |     3 |     4 ||     7
 Invoke: Recall Undead Har |       |       |     2 |     2 |     4 ||     8
         Dark Bargain      |       |       |       |     5 |     3 ||     8
  Evoke: Wand              |       |       |       |    10 |    10 ||    20
         Phial of floods   |       |       |       |       |     1 ||     1
    Use: Potion            |       |     1 |     2 |     2 |     6 ||    11
         Scroll            |       |       |     7 |     5 |    19 ||    31
   Stab: Sleeping          |    22 |    18 |    16 |    31 |    15 ||   102
         Distracted        |       |       |     2 |    11 |    18 ||    31
         Confused          |       |       |       |     1 |       ||     1
 Armour: Robe              |    15 |    14 |    32 |       |       ||    61
         Leather armour    |       |       |       |    95 |     8 ||   103
         Scale mail        |       |       |       |       |   296 ||   296
  Dodge: Dodged            |    52 |    71 |   280 |   346 |   694 ||  1443
         Repelled          |       |       |       |       |     3 ||     3
  Block: Buckler           |       |       |       |   102 |   222 ||   324

Table legend: (Time is in decaauts)
 A = Elapsed time spent in this place.
 B = Non-inter-level travel time spent in this place.
 C = Inter-level travel time spent in this place.
 D = Time resting spent in this place.
 E = Time spent auto-exploring this place.
 F = Levels seen in this place.
 G = Mean time per level.
                   A        B        C        D        E       F      G
               +--------+--------+--------+--------+--------+-----+--------+
         Total |  25426 |  24344 |   1082 |   6765 |   7975 |  18 | 1412.6 |
       Dungeon |  13657 |  12930 |    727 |   2537 |   5107 |  12 | 1138.1 |
        Temple |    383 |    362 |     21 |    149 |    167 |   1 |  383.0 |
          Lair |  11385 |  11051 |    334 |   4078 |   2701 |   5 | 2277.0 |
               +--------+--------+--------+--------+--------+-----+--------+

Top non-repeatable levels by time:
  Lair:5: 3520 daAuts
  Lair:4: 3464 daAuts
     D:8: 1603 daAuts
  Lair:2: 1569 daAuts
  Lair:3: 1537 daAuts
     D:7: 1527 daAuts
     D:9: 1415 daAuts
     D:6: 1362 daAuts
  Lair:1: 1293 daAuts
    D:11: 1261 daAuts
    D:12: 1202 daAuts
     D:3: 1125 daAuts
    D:10: 986 daAuts
     D:2: 893 daAuts
     D:4: 832 daAuts
